 Dungeon Crawl Stone Soup version 0.01-2161-g8ec87df2bd (webtiles) character file.

Game seed: 2481810499194392864, levelgen mode: deterministic

2417 iamserjio the Grappler (level 9, -1/65 HPs) Lignifite Noble. Began on July 1, 2020. Was an Initiate of Makhleb. Slain by a war dog (7 damage) ... led by Grum ... on level 3 of the Dungeon. The game lasted 00:10:03 (4091 turns).

iamserjio the Grappler (Lignifite Noble)            Turns: 4091, Time: 00:10:04

Health: -1/65      AC:  1    Str: 22    XL:     9 ^: 2075
Magic:  10/10      EV: 20    Int: 12    God:    Makhleb [0* [25]]
Gold:   204        SH:  9    Dex: 13    Spells: 8/8 levels left

rFire    x . .     Vision   .   v - +0 buckler
rCold    . . .     Gourm    .     - Unarmed
rNeg     . . .     Faith    .   a - +0 robe
rPois    +         Spirit   .   (helmet restricted)
rElec    .         Reflect  .   (no cloak)
rCorr    .         Harm     .   (gloves unavailable)
MR       .....                  (boots unavailable)
Stlth    +++.......             (no amulet)
HPRegen  0.31/turn              c - ring of slaying
MPRegen  0.20/turn              (no ring)

@: agile, quick
A: small, rF-, deformed body, speed 1, poison resistance, slow metabolism 1,
torment resistance, plant, rot immunity
a: Renounce Religion


You were on level 3 of the Dungeon.
You worshipped Makhleb.
Makhleb was noncommittal.
You were hungry.

You visited 1 branch of the dungeon, and saw 4 of its levels.
You also visited: Market.

You collected 113 gold pieces.
You spent 909 gold pieces at shops.

Inventory:

Shields
 l - a +0 targe
 v - a +0 buckler (shield)
Armour
 a - a +0 robe (worn)
 q - a cursed +0 pair of clawed gauntlets {(Curse: *Contam Stlth-)}
Jewellery
 c - a ring of slaying (left hand)
 m - a cursed ring of strength {(Curse: rF-)}
 o - an uncursed amulet of faith
Wands
 p - a wand of random effects (2)
 s - a wand of flame (19)
Scrolls
 d - 6 scrolls of immolation
 e - 4 scrolls of magic mapping
 g - 3 scrolls of amnesia
 h - a scroll of fog
 k - 2 scrolls of enchantment
 n - a scroll of teleportation
Potions
 f - a potion of magic
 i - a potion of resistance
 j - a potion of ambrosia
 u - a potion of brilliance
Comestibles
 b - 9 rations
 w - 5 chunks of flesh


   Skills:
 + Level 4.2 Fighting
 + Level 3.3 Dodging
 - Level 0.8 Stealth
 + Level 3.0 Shields
 * Level 10.4 Unarmed Combat


You had 8 spell levels left.
You didn't know any spells.
Your spell library was empty.

Dungeon Overview and Level Annotations

Branches:
Dungeon (4/8)
 Temple: D:4

Altars:
Elyvilon
Makhleb

Annotations:
D:4 Grum


Innate Abilities, Weirdness & Mutations

Your woody flesh burns easily. (rF-)
A tangle of shorter branches protects your body from attack. (+4 SH)
You are small and have problems with some larger weapons.
Armour fits poorly on your strangely shaped body.
You cover ground quickly.
Your system is resistant to poisons. (rPois)
You have a slow metabolism.
You are immune to unholy pain and torment.
You require very little carbon dioxide to survive.
You are immune to rotting.


Message History

Your Shields skill increases to level 3!
You are struck by the war dog's spiked collar.
* * * LOW HITPOINT WARNING * * *
You hit the war dog (4).
The war dog is lightly wounded. (23/27) HP The war dog closely misses you (0).
You hit the war dog (3).
The war dog is moderately wounded. (20/27) HP You are struck by the war dog's spiked collar.
* * * LOW HITPOINT WARNING * * *
You hit the war dog (1).
The war dog is moderately wounded. (19/27) HP You block the war dog's attack.
You are feeling hungry.
You are struck by the war dog's spiked collar.
* * * LOW HITPOINT WARNING * * *
You hit the war dog (6).
The war dog is heavily wounded. (13/27) HP The war dog bites you (7)!
You die...

......?##....#
##..........###
.......##...#####...........#
...#..............#.........#
##..............####........#
.............รท.## ##......##
.#............># ##.......#
.#.#...........# ##..##..#.#
##.#...........###..##...#.#
...............h@..###...#.#
........#############..#.#.#
...#..#### ##...##.#.#
#).......# ###..####.#.#
#........# #...## #.#.#
#........# ##.### #.#.#
#........# #>.# #.#.#
#........# #)## #...#
#........# #.# ####..######


You could see a war dog.

Vanquished Creatures
  A slime creature (D:2)
  3 war dogs (D:3)
  A phantom (D:3)
  A porcupine (D:4)
  A redback zombie (D:3)
  An ice beast (D:4)
  2 ogres
  A big kobold (D:2)
  A crocodile (D:2)
  5 wights (D:4)
  A hornet zombie (D:3)
  A crimson imp (D:3)
  2 hounds
  6 jellies (D:2)
  An iguana (D:3)
  5 worker ants (D:3)
  A water moccasin skeleton (D:4)
  A bullfrog zombie (D:4)
  A bullfrog skeleton (D:4)
  A gnoll (D:1)
  5 adders
  19 sewer rats (D:2)
  2 white imps (D:3)
  4 cinder newts
  5 worms
  4 oozes
  A dart slug (D:3)
  5 leopard geckos
  4 orcs
  An adder skeleton (D:2)
  2 ball pythons (D:2)
  3 bats (D:2)
  3 giant cockroaches
  3 goblins (D:1)
  3 hobgoblins (D:1)
  A quokka (D:3)
  A bat skeleton (D:2)
  12 kobolds
  A kobold skeleton (D:2)
  A leopard gecko skeleton (D:3)
  8 rats (D:1)
  8 withered plants (D:2)
133 creatures vanquished.

Vanquished Creatures (others)
  A giant cockroach (D:2)
  149 withered plants (D:2)
150 creatures vanquished.

Grand Total: 283 creatures vanquished

Notes
Turn   | Place    | Note
-------+----------+-------------------------------------------
     0 | Start Ma | iamserjio the Lignifite Noble began the quest for the Orb.
     0 | Start Ma | Reached XP level 1. HP: 12/12 MP: 2/2
     0 | Start Ma | Found Amyiv's Expert Tomes.
    15 | Start Ma | Found Curchaot's Mashing MeleeMart.
    21 | Start Ma | Bought an uncursed ring of slaying for 909 gold pieces
    29 | D:1      | iamserjio set off with the following items: a +0 robe, a
                  | ration, a ring of slaying
   172 | D:1      | Reached XP level 2. HP: 9/19 MP: 3/3
   175 | D:1      | Reached skill level 1 in Unarmed Combat
   182 | D:1      | Reached skill level 1 in Dodging
   281 | D:1      | Reached XP level 3. HP: 10/24 MP: 4/4
   755 | D:2      | Reached skill level 2 in Unarmed Combat
   755 | D:2      | Reached XP level 4. HP: 17/30 MP: 5/5
   909 | D:2      | Reached skill level 3 in Unarmed Combat
   986 | D:2      | Noticed a slime creature
   988 | D:2      | Reached XP level 5. HP: 35/35 MP: 6/6
  1128 | D:2      | Reached skill level 4 in Unarmed Combat
  1204 | D:2      | Found a faded altar of an unknown god.
  1228 | D:2      | Reached XP level 6. HP: 41/41 MP: 7/7
  1234 | D:2      | Reached skill level 5 in Unarmed Combat
  1540 | D:2      | Reached skill level 6 in Unarmed Combat
  1673 | D:2      | Reached XP level 7. HP: 38/45 MP: 8/8
  2244 | D:2      | Reached skill level 7 in Unarmed Combat
  2279 | D:2      | Killed a slime creature
  2893 | D:3      | Reached skill level 8 in Unarmed Combat
  2987 | D:3      | Reached XP level 8. HP: 56/57 MP: 9/9
  3008 | D:3      | Reached skill level 9 in Unarmed Combat
  3348 | D:3      | Found a burning altar of Makhleb.
  3358 | D:3      | Reached skill level 1 in Shields
  3397 | D:3      | Became a worshipper of Makhleb the Destroyer
  3437 | D:3      | Found a white marble altar of Elyvilon.
  3681 | D:4      | Reached skill level 10 in Unarmed Combat
  3821 | D:4      | Reached XP level 9. HP: 65/65 MP: 10/10
  3823 | D:4      | Noticed Grum
  4091 | D:3      | Slain by a war dog

Levels and vault maps discovered:
D:1:      onia_arrival_pentagram, layout_rooms
D:2:      layout_sewer, chequers_ecumenical_altar_twisty
D:3:      layout_rooms, overflow_temple_1_default, lemuel_doored_altar,
          first_ration, minmay_misc_feat_enclosed
D:4:      layout_irregular_city, gammafunk_temple_overflow_pools,
          minmay_temple_entry_from_below_a, uniq_grum

Skill      XL: |  1  2  3  4  5  6  7  8  9 |
---------------+----------------------------+-----
Fighting       | 2 3 4 |  4.2
Unarmed Combat | 1 2 3 4 6 8 10 | 10.4
Dodging        | 1 2 3 |  3.3
Shields        | 2 3 |  3.0
Stealth        | |  0.8

Action                   |  1- 3 |  4- 6 |  7- 9 || total
-------------------------+-------+-------+-------++-------
Melee: Unarmed           |   128 |   212 |   316 ||   656
  Use: Potion            |       |       |     3 ||     3
  Eat: Chunk             |       |     1 |     5 ||     6
Armor: Robe              |     1 |     3 |     3 ||     7
Dodge: Dodged            |    32 |    48 |    72 ||   152
Block: Other             |       |     4 |     5 ||     9
       Buckler           |       |       |    21 ||    21
